 Dungeon Crawl Stone Soup version 0.27.0-1-g7a089689b8 (webtiles) character file.

Game seed: 16428756614056961679

67 Strat the Skirmisher (level 3, 0/34 HPs)
             Began as a Minotaur Delver on Aug 12, 2021.
             Was an Initiate of Okawaru.
             Killed from afar by an orc wizard (4 damage)
             ... with a puff of flame
             ... on level 4 of the Dungeon.
             The game lasted 00:03:05 (719 turns).

Strat the Skirmisher (Minotaur Delver)               Turns: 719, Time: 00:03:05

Health: 0/34       AC:  8    Str: 17    XL:     3   Next: 98%
Magic:  2/2        EV:  7    Int:  7    God:    Okawaru [......]
Gold:   47         SH:  0    Dex: 11    Spells: 2/2 levels left

rFire    . . .     SeeInvis .   a - +0 hand axe
rCold    . . .     Faith    .   (no shield)
rNeg     . . .     Spirit   .   f - +0 chain mail
rPois    .         Reflect  .   (helmet restricted)
rElec    .         Harm     .   (no cloak)
rCorr    .         Rampage  .   (no gloves)
Will     .....                  (no boots)
Stlth    ..........             (no amulet)
HPRegen  0.11/turn              (no ring)
MPRegen  0.08/turn              (no ring)

@: no status effects
A: horns 2, retaliatory headbutt
a: Renounce Religion


You were on level 4 of the Dungeon.
You worshipped Okawaru.
Okawaru was noncommittal.
You visited 2 branches of the dungeon, and saw 3 of its levels.

You collected 47 gold pieces.

Inventory:

Hand Weapons
 a - a +0 hand axe (weapon)
Missiles
 h - a stone (quivered)
Armour
 b - a +0 leather armour
 f - a +0 chain mail (worn)
Wands
 g - a wand of digging (3)
Scrolls
 c - 2 scrolls of fog
 d - a scroll of teleportation {unknown}
 e - a scroll of fear
 i - a scroll of vulnerability {unknown}


   Skills:
 + Level 4.5 Fighting
 * Level 4.5 Axes
 - Level 2.1 Dodging
 - Level 4.1 Stealth


You had 2 spell levels left.
You didn't know any spells.
Your spell library was empty.

Dungeon Overview and Level Annotations

Branches:
Dungeon (5/15)             Temple (1/1) D:4

Altars:
Cheibriados
Dithmenos
Elyvilon
Fedhas
Hepliaklqana
Makhleb
Okawaru
Qazlal
Uskayaw
Vehumet
Wu Jian
Yredelemnul
The Shining One

Shops:
D:5 *


Innate Abilities, Weirdness & Mutations

You have a pair of horns on your head.
You reflexively headbutt those who attack you in melee.


Message History

The lemure closely misses you.
You hit the lemure but do no damage.
The lemure is almost dead.
The lemure hits you!
* * * LOW HITPOINT WARNING * * *
You slash the lemure!
You kill the lemure!
That felt strangely unrewarding.
You closely miss the orc wizard. Your headbutt misses the orc wizard.
The orc wizard barely misses you.
You barely miss the orc wizard. Your headbutt misses the orc wizard.
The orc wizard points at you and mumbles some strange words.
The magic dart hits you!
* * * LOW HITPOINT WARNING * * *
You hit the orc wizard.
The orc wizard is heavily wounded.
The orc wizard hits you but does no damage.
The orc wizard hits you with a +0 dagger.
* * * LOW HITPOINT WARNING * * *
You hit the orc wizard.
The orc wizard is heavily wounded.
The orc wizard hits you but does no damage.
You barely miss the orc wizard.
You headbutt the orc wizard, but do no damage.
The orc wizard is heavily wounded.
The orc wizard hits you with a +0 dagger.
* * * LOW HITPOINT WARNING * * *
You barely miss the orc wizard.
The orc wizard is heavily wounded.
The orc wizard gestures wildly while chanting.
The orc wizard flickers and vanishes!
Deactivating autopickup; reactivate with Ctrl-A.
You miss something. Something hits you but does no damage.
You miss something. You headbutt something. Something hits you.
* * * LOW HITPOINT WARNING * * *
You miss something.
You hear some strange, mumbled words.
A puff of flame appears from out of thin air!
The puff of flame hits you.
You die...

.....(.#######..............# #
.......#....5...............###
.........#########.###.........
......)5## #.##......<###
........# #.##..........
......{.# #.##.......###
#######.#### #.###.....###.
#....#######.####.[..##..
####..o{@.........##.#..#
#######.......###.#.#
#............<# #........##.###
#####............###
#..........###......
#####.###......###>...##
#####.....# #......##..##...
#.....##### #......#..###.#.


You could see an orc.

Vanquished Creatures
  A lemure (D:4)
  An iguana (D:4)
  A howler monkey skeleton (D:4)
  An adder (D:4)
  An ufetubus (D:4)
  3 orcs (D:4)
  A ball python (D:4)
  A hobgoblin (D:4)
  2 jackals (D:5)
  3 kobolds (D:4)
15 creatures vanquished.

Notes
Turn   | Place    | Note
-------+----------+-------------------------------------------
     0 | D:5      | Strat the Minotaur Delver began the quest for the Orb.
     0 | D:5      | Reached XP level 1. HP: 19/19 MP: 0/0
     8 | D:5      | Found Pegguz's General Store.
    63 | D:5      | Found an ornate altar of the Wu Jian Council.
    70 | D:5      | Noticed a spectral centipede
    70 | D:5      | Noticed a spectral black mamba
    70 | D:5      | Noticed a spectral scorpion
    70 | D:5      | Noticed a spectral cane toad
   114 | D:4      | Noticed a lemure
   130 | D:4      | Reached XP level 2. HP: 17/27 MP: 1/1
   159 | D:4      | Found a staircase to the Ecumenical Temple.
   164 | Temple   | Entered the Ecumenical Temple
   197 | Temple   | Became a worshipper of Warmaster Okawaru
   248 | D:4      | Reached XP level 3. HP: 12/33 MP: 2/2
   710 | D:4      | Killed a lemure
   719 | D:4      | Killed from afar by an orc wizard

Illustrated notes

Levels and vault maps discovered:
D:4:      layout_rooms, temple_doors_e, uniq_pikel
D:5:      layout_loops_corners, pdpol_wu_jian_five_deadly_venoms, serial_shops,
          shop, kennysheep_dice, uniq_edmund, uniq_ijyb
Temple:   kilobyte_greek_temple

Skill      XL: |  1  2 |
---------------+-------+-----
Axes           | 3 4 |  4.5
Fighting       | 4 |  4.5
Dodging        | |  2.1
Stealth        | |  4.1

Action                   || total
-------------------------++-------
Melee: Hand axe          ||    52
       Headbutt          ||    13
  Use: Scroll            ||     1
       Potion            ||     1
Armor: Leather armour    ||     5
       Chain mail        ||     8
Dodge: Dodged            ||    25
